 Dungeon Crawl Stone Soup version 0.19.1-1-g22dce08 (webtiles) character file.

1908 McKennaii the Zephyrmancer (level 8, -3/47 HPs)
             Began as a High Elf Air Elementalist on Jan 10, 2017.
             Was an Initiate of Sif Muna.
             Killed by divine providence
             ... invoked by an orc priest
              (10 damage)
             ... on level 6 of the Dungeon.
             The game lasted 00:16:46 (5363 turns).

McKennaii the Zephyrmancer (HEAE)                   Turns: 5363, Time: 00:16:46

Health: -3/47      AC:  5    Str:  7    XL:     8   Next: 94%
Magic:  3/20       EV: 13    Int: 22    God:    Sif Muna [......]
Gold:   388        SH:  0    Dex: 15    Spells: 7 memorised, 3 levels left

rFire  . . .     SeeInvis .     y - +0 falchion
rCold  . . .     Gourm    .     a - +0 robe
rNeg   . . .     Faith    .     (no shield)
rPois  +         Spirit   .     (no helmet)
rElec  .         Reflect  .     t - +1 cloak {rPois}
rCorr  .         Harm     .     m - +0 pair of gloves
MR     .....                    (no boots)
Stlth  ++........               (no amulet)
                                (no ring)
                                (no ring)

@: repel missiles
A: no striking features
a: Renounce Religion


You were on level 6 of the Dungeon.
You worshipped Sif Muna.
Sif Muna was noncommittal.
You were full.

You visited 2 branches of the dungeon, and saw 7 of its levels.

You collected 388 gold pieces.

Inventory:

Hand Weapons
 y - a +0 falchion (weapon)
Armour
 a - a +0 robe (worn)
 m - a +0 pair of gloves (worn)
 t - a +1 cloak of poison resistance (worn)
Jewellery
 C - a +3 ring of intelligence {unknown}
Wands
 s - a wand of polymorph (9/24)
 F - a wand of confusion (38/48)
Scrolls
 e - 8 scrolls of identify {unknown}
 g - 2 scrolls of random uselessness {unknown}
 h - a scroll of recharging {unknown}
 i - 3 scrolls of enchant weapon {unknown}
 k - a scroll of blinking {unknown}
 o - 3 scrolls of teleportation {unknown}
 u - a scroll of magic mapping {unknown}
 v - 2 scrolls of immolation {unknown}
 z - a scroll of amnesia {unknown}
 E - 2 scrolls of fear {unknown}
 H - a scroll of remove curse {unknown}
 I - a scroll of fog {unknown}
Potions
 d - a potion of heal wounds {unknown}
 f - 3 potions of mutation {unknown}
 j - a potion of degeneration {unknown}
 l - a potion of lignification {unknown}
 n - 2 potions of flight {unknown}
 p - 3 potions of curing {unknown}
 q - a potion of brilliance {unknown}
 w - a potion of resistance {unknown}
 x - a potion of berserk rage {unknown}
 D - a potion of ambrosia {unknown}
Books
 b - a book of Air

   Spells                             Type                      Level
   a - Shock                          Conjuration/Air              1
   b - Swiftness                      Charms/Air                   2
   c - Repel Missiles                 Charms/Air                   2
   d - Static Discharge               Conjuration/Air              3
   e - Lightning Bolt                 Conjuration/Air              5
 G - a book of Clouds

   Spells                             Type                      Level
   a - Mephitic Cloud                 Conjuration/Poison/Air       3
   b - Conjure Flame                  Conjuration/Fire             3
   c - Poisonous Cloud                Conjuration/Poison/Air       6
   d - Freezing Cloud                 Conjuration/Ice/Air          6
   e - Ring of Flames                 Charms/Fire                  7
 J - a book of Conjurations

   Spells                             Type                      Level
   a - Magic Dart                     Conjuration                  1
   b - Searing Ray                    Conjuration                  2
   c - Dazzling Spray                 Conjuration/Hexes            3
   d - Fulminant Prism                Conjuration/Hexes            4
   e - Iskenderun's Mystic Blast      Conjuration                  4
   f - Iskenderun's Battlesphere      Conjuration/Charms           5
Comestibles
 c - a meat ration
 r - 2 bread rations
 B - a royal jelly


   Skills:
 + Level 0.6 Fighting
 + Level 2.9 Dodging
 + Level 3.1 Stealth
 + Level 0.4 Unarmed Combat
 + Level 7.4 Spellcasting
 + Level 6.9 Conjurations
 + Level 8.8 Air Magic


You had 3 spell levels left.
You knew the following spells:

 Your Spells              Type           Power        Failure   Level  Hunger
a - Shock                 Conj/Air       ####         1%          1    None
b - Swiftness             Chrm/Air       ####....     1%          2    None
c - Repel Missiles        Chrm/Air       ####..       1%          2    None
d - Static Discharge      Conj/Air       #####...     1%          3    None
e - Lightning Bolt        Conj/Air       #####.....   12%         5    #####..
f - Searing Ray           Conj           #####.       1%          2    None
g - Conjure Flame         Conj/Fire      ###.....     8%          3    None


Dungeon Overview and Level Annotations

Branches:
Dungeon (6/15)             Temple (1/1) D:6

Altars:
Ashenzari
Cheibriados
Dithmenos
Elyvilon
Fedhas
Gozag
Hepliaklqana
Kikubaaqudgha
Makhleb
Nemelex Xobeh
Okawaru
Qazlal
Ru
Sif Muna
Trog
Uskayaw
Vehumet
Xom
Yredelemnul
Zin
The Shining One


Message History

The kobold completely misses you.
The orc priest hits you with a hand axe.
The kobold hits you with a short sword. The orc priest barely misses you.
The orc priest mumbles some strange prayers to Beogh against you.
Pain shoots through your body!
The orc priest invokes the aid of Beogh against you.
Pain shoots through your body!
The orc priest invokes the aid of Beogh against you.
Beogh smites you!
* * * LOW HITPOINT WARNING * * *
Casting: Shock
Confirm with . or Enter, or press ? or * to list all spells.
Aiming: Shock
Press: ? - help, Shift-Dir - straight line The zap misses the orc priest.
The zap misses the kobold.
The zap hits the kobold.
The kobold appears unharmed.
The orc priest calls down the wrath of Beogh upon you.
Beogh smites you!
You die...

##.### ♣... P #..# ♣.(♣♣P #.##
#### #.)..# #.### #####..#
#.♣K)P ##...## #.K.oK.# #P..P
##.....## #o###..## ##P♣K
#.......# #.# #...# ##.♣
#.......#######.###...## ####♣
#.......#.....@....#...###♣.##.
##.....##................#PP###
##.................###.#......#
#........................#.)(##
#.......#########.###..))....))
#.......#.#######.#....#(...###
##.....##...........#...).###
##(...##.........#.#..)..#####
####..#..######.....#..###...


You could see an orc priest and a kobold.

Vanquished Creatures
  The ghost of cuckmaster the Basher, a novice OgBe of Trog (D:4)
  A hippogriff (D:4)
  Sigmund (D:2)
  Eustachio (D:4)
  The ghost of McKennaii the Gusty, an amateur HEAE (D:3)
  An ice beast (D:5)
  A phantom (D:6)
  A scorpion (D:4)
  2 howler monkeys (D:6)
  A bullfrog zombie (D:6)
  3 crimson imps
  A hound (D:5)
  Crazy Yiuf (D:3)
  2 orc priests (D:4)
  A bullfrog skeleton (D:6)
  Jessica (D:2)
  Ijyb (D:3)
  2 orc wizards (D:4)
  2 worker ants
  A hound zombie (D:6)
  4 gnolls (D:6)
  6 adders
  An adder skeleton (D:6)
  4 worms
  3 dart slugs
  3 leopard geckos
  18 orcs
  7 bats
  2 giant cockroaches
  7 goblins
  8 hobgoblins
  7 jackals
  18 kobolds
  4 quokkas
  7 frilled lizards
  A leopard gecko skeleton (D:4)
  A quokka skeleton (D:5)
  7 rats
134 creatures vanquished.

Vanquished Creatures (others)
  A hound (D:6)
  A worker ant (D:6)
  2 plants (D:6)
4 creatures vanquished.

Grand Total: 138 creatures vanquished

Notes
Turn   | Place    | Note
-------+----------+-------------------------------------------
     0 | D:1      | McKennaii the High Elf Air Elementalist began the quest for the Orb.
     0 | D:1      | Reached XP level 1. HP: 11/11 MP: 4/4
   121 | D:1      | Reached skill level 4 in Air Magic
   208 | D:1      | Reached XP level 2. HP: 8/17 MP: 4/6
   214 | D:1      | Learned a level 2 spell: Swiftness
   217 | D:1      | Learned a level 2 spell: Repel Missiles
   952 | D:2      | Noticed Jessica
   954 | D:2      | Killed Jessica
   954 | D:2      | Reached XP level 3. HP: 21/21 MP: 4/8
  1288 | D:2      | Reached XP level 4. HP: 27/27 MP: 2/9
  1310 | D:2      | Reached skill level 5 in Air Magic
  1580 | D:2      | Noticed Sigmund
  1638 | D:2      | Killed Sigmund
  1638 | D:2      | Reached XP level 5. HP: 24/31 MP: 2/12
  2027 | D:3      | Reached XP level 6. HP: 36/36 MP: 6/13
  2061 | D:3      | Noticed Ijyb
  2117 | D:3      | Killed Ijyb
  2120 | D:3      | Noticed McKennaii's ghost (amateur HEAE)
  2136 | D:3      | Killed McKennaii's ghost
  2136 | D:3      | Reached skill level 6 in Air Magic
  2148 | D:3      | Found a sacrificial altar of Ru.
  2507 | D:3      | Found a runed door.
  2511 | D:3      | Noticed Crazy Yiuf
  2515 | D:3      | Killed Crazy Yiuf
  2598 | D:4      | Noticed cuckmaster's ghost (novice OgBe)
  2674 | D:4      | Reached skill level 5 in Spellcasting
  2781 | D:4      | Reached XP level 7. HP: 41/41 MP: 5/15
  2970 | D:4      | Found a bloodstained altar of Trog.
  3016 | D:4      | Noticed Eustachio
  3027 | D:4      | Killed Eustachio
  3785 | D:4      | Reached skill level 5 in Conjurations
  3785 | D:4      | Reached skill level 7 in Air Magic
  3796 | D:4      | Killed cuckmaster's ghost
  3796 | D:4      | Reached XP level 8. HP: 39/46 MP: 4/18
  3834 | D:4      | Noticed a hippogriff
  3840 | D:4      | Killed a hippogriff
  3888 | D:5      | Entered Level 5 of the Dungeon
  3960 | D:5      | Reached skill level 8 in Air Magic
  4128 | D:5      | Found a hazy altar of Hepliaklqana.
  4130 | D:5      | Found an iron altar of Okawaru.
  4462 | D:6      | Found a shimmering altar of Xom.
  4755 | D:6      | Learned a level 3 spell: Static Discharge
  4761 | D:6      | Learned a level 5 spell: Lightning Bolt
  4764 | D:6      | Learned a level 2 spell: Searing Ray
  4768 | D:6      | Learned a level 3 spell: Conjure Flame
  4926 | D:6      | Found a staircase to the Ecumenical Temple.
  4963 | Temple   | Entered the Ecumenical Temple
  5125 | Temple   | Became a worshipper of Sif Muna the Loreminder
  5363 | D:6      | Killed from afar by an orc priest

Skill      XL: |  1  2  3  4  5  6  7  8 |
---------------+-------------------------+-----
Air Magic      | 4 5 6 7 8 |  8.8
Spellcasting   | 3 4 5 6 7 |  7.4
Conjurations   | 2 3 5 6 |  6.9
Stealth        | 3 |  3.1
Fighting       | |  0.6
Dodging        | |  2.9
Unarmed Combat | |  0.4

Action                   |  1- 3 |  4- 6 |  7- 9 || total
-------------------------+-------+-------+-------++-------
Melee: Unarmed           |    20 |    10 |     1 ||    31
       Falchion          |       |       |    17 ||    17
 Cast: Shock             |    63 |    99 |   168 ||   330
       Repel Missiles    |       |     1 |       ||     1
  Eat: Beef jerky        |     1 |       |       ||     1
       Bread ration      |       |     1 |     1 ||     2
       Meat ration       |       |       |     1 ||     1
       Chunk             |       |       |     1 ||     1
       Pizza             |       |       |     1 ||     1
Armor: Robe              |     4 |     6 |     9 ||    19
Dodge: Dodged            |    13 |    12 |    31 ||    56
       Deflected         |       |       |     2 ||     2
       Rpst.: Falchion   |       |       |     7 ||     7
